 Dungeon Crawl Stone Soup version 0.22.1-1-ga44c0e5 (webtiles) character file.

579 Skuilla the Cudgeler (level 7, -10/44 HPs)
             Began as a Gargoyle Fighter on Nov 9, 2018.
             Mangled by an ogre
             ... wielding a +0 giant spiked club
              (15 damage)
             ... on level 5 of the Dungeon.
             The game lasted 00:51:57 (6087 turns).

Skuilla the Cudgeler (Gargoyle Fighter)             Turns: 6087, Time: 00:51:58

Health: -10/44     AC: 14    Str: 21    XL:     7   Next: 36%
Magic:  7/7        EV:  7    Int:  9    God:
Gold:   233        SH:  9    Dex:  9    Spells: 6/6 levels left

rFire    . . .     SeeInvis .   a - +0 flail
rCold    . . .     Gourm    .   c - +0 shield
rNeg     + . .     Faith    .   b - +0 scale mail
rPois    ∞         Spirit   .   o - +0 helmet
rElec    +         Reflect  .   (no cloak)
rCorr    .         Harm     .   x - +0 pair of gloves
MR       .....                  (no boots)
Stlth    ..........             (no amulet)
HPRegen  0.14/turn              (no ring)
MPRegen  0.10/turn              (no ring)

@: no status effects
A: negative energy resistance 1, electricity resistance, unbreathing,
petrification resistance, rot immunity, AC +4
a: no special abilities


You were on level 5 of the Dungeon.
You were not hungry.

You visited 1 branch of the dungeon, and saw 5 of its levels.

You collected 233 gold pieces.

Inventory:

Hand Weapons
 a - a +0 flail (weapon)
Armour
 b - a +0 scale mail (worn)
 c - a +0 shield (worn)
 o - a +0 helmet (worn)
 x - a +0 pair of gloves (worn)
Jewellery
 r - an uncursed ring of fire
 s - an uncursed ring of wizardry {unknown}
 y - an uncursed amulet of the acrobat {unknown}
Scrolls
 e - a scroll of fog
 h - a scroll of magic mapping
 j - 3 scrolls of teleportation
 m - a scroll of enchant armour {unknown}
 t - 2 scrolls of remove curse
 u - a scroll of blinking {unknown}
 w - a scroll of noise {unknown}
Potions
 d - a potion of might
 g - a potion of lignification
 i - 2 potions of heal wounds
 k - 2 potions of cancellation
 l - a potion of magic {unknown}
 n - a potion of mutation {unknown}
 p - 2 potions of degeneration {unknown}
 q - 2 potions of curing {unknown}
 v - a potion of haste {unknown}
Comestibles
 f - 5 rations


   Skills:
 + Level 5.0 Fighting
 * Level 5.1 Maces & Flails
 + Level 4.9 Armour
 + Level 5.0 Shields


You had 6 spell levels left.
You didn't know any spells.
Your spell library contained the following spells:

 Spells                   Type           Power        Failure   Level  Hunger
 Magic Dart               Conj           #...         98%         1    ##.....
 Blink                    Tloc           N/A          99%         2    ###....
 Call Imp                 Summ           #.......     99%         2    ###....
 Slow                     Hex            #.......     99%         2    ###....
 Conjure Flame            Conj/Fire      #.......     100%        3    ####...
 Mephitic Cloud           Conj/Pois/Air  #.......     100%        3    ####...


Dungeon Overview and Level Annotations

Branches:
Dungeon (5/15)
 Temple: D:4-7

Altars:
Dithmenos
Qazlal
Sif Muna
The Shining One

Shops:
D:4 *


Innate Abilities, Weirdness & Mutations

You are resistant to torment.
Your stone body is resilient. (AC +4)
You are immune to poison.
You resist negative energy. (rN+)
You are resistant to electric shocks. (rElec)
You can survive without breathing.
You are immune to petrification.
You are immune to rotting.


Message History

The ogre hits you with a giant spiked club!
You barely miss the ogre.
The ogre is lightly wounded.
The ogre barely misses you.
You barely miss the ogre.
The ogre is lightly wounded.
The ogre hits you with a giant spiked club.
You hit the ogre.
The ogre is moderately wounded.
You hit the ogre.
The ogre is moderately wounded.
The ogre barely misses you.
You hit the ogre.
The ogre is heavily wounded.
The ogre hits you with a giant spiked club!
* * * LOW HITPOINT WARNING * * *
You thump the ogre!
The ogre is almost dead.
The ogre hits you with a giant spiked club!
You die...

#####.#...
#.@O....#
#.##....#
#.# ##.#
#.# # #.#
###.# ..##
#.##....#
..#
#.......#
..#
#......##
..#
#.##.#.#
### #.#


You could see an ogre.

Vanquished Creatures
  An ice beast (D:5)
  A centaur (D:5)
  A howler monkey (D:4)
  An orc priest (D:4)
  A jelly (D:5)
  An orc wizard (D:3)
  A worker ant (D:5)
  A hound skeleton (D:4)
  9 adders
  4 river rats (D:3)
  2 oozes
  8 worms
  3 dart slugs
  11 orcs
  7 bats
  4 giant cockroaches
  4 goblins
  6 hobgoblins
  9 jackals
  5 kobolds
  2 quokkas
  A ball python (D:2)
  7 frilled lizards
  A leopard gecko skeleton (D:4)
  A leopard gecko zombie (D:5)
  2 quokka skeletons
  9 rats
103 creatures vanquished.

Notes
Turn   | Place    | Note
-------+----------+-------------------------------------------
     0 | D:1      | Skuilla the Gargoyle Fighter began the quest for the Orb.
     0 | D:1      | Reached XP level 1. HP: 14/14 MP: 1/1
   329 | D:1      | Reached XP level 2. HP: 12/19 MP: 2/2
  1072 | D:2      | Reached XP level 3. HP: 19/24 MP: 3/3
  1844 | D:2      | Reached XP level 4. HP: 29/29 MP: 4/4
  2293 | D:3      | Reached XP level 5. HP: 23/33 MP: 5/5
  3121 | D:3      | Found a stormy altar of Qazlal.
  3401 | D:3      | Found a shadowy altar of Dithmenos.
  3401 | D:3      | Found a glowing golden altar of the Shining One.
  3656 | D:3      | Reached XP level 6. HP: 21/39 MP: 6/6
  4929 | D:4      | Found a deep blue altar of Sif Muna.
  5339 | D:4      | Found Fuggiapn's General Store.
  5569 | D:5      | Entered Level 5 of the Dungeon
  6026 | D:5      | Noticed an ice beast
  6036 | D:5      | Killed an ice beast
  6036 | D:5      | Reached XP level 7. HP: 44/44 MP: 7/7
  6073 | D:5      | Reached skill level 5 in Fighting
  6073 | D:5      | Reached skill level 5 in Maces & Flails
  6073 | D:5      | Reached skill level 5 in Shields
  6087 | D:5      | Mangled by an ogre

Skill      XL: |  1  2  3  4  5  6  7 |
---------------+----------------------+-----
Maces & Flails | 3 4 5 |  5.1
Fighting       | 4 5 |  5.0
Armour         | 4 |  4.9
Shields        | 4 5 |  5.0

Action                   |  1- 3 |  4- 6 |  7- 9 || total
-------------------------+-------+-------+-------++-------
Melee: Flail             |   126 |   354 |    23 ||   503
  Use: Scroll            |     1 |     7 |       ||     8
       Potion            |       |     1 |       ||     1
  Eat: Chunk             |     3 |     5 |       ||     8
       Ration            |       |     3 |       ||     3
Armor: Scale mail        |    95 |   299 |     9 ||   403
Dodge: Dodged            |    61 |   164 |     6 ||   231
Block: Shield            |    82 |   247 |     6 ||   335
